 Dungeon Crawl Stone Soup version 0.19-a0-944-gb338e1e (webtiles) character file.

95225 Kurtz the Bludgeoner (level 15, -2/118 HPs)
             Began as a Mummy Berserker on July 8, 2016.
             Was a High Priest of Trog.
             Slain by a sun demon (11 damage)
             ... summoned by an orc high priest
             ... on level 2 of the Orcish Mines on July 9, 2016.
             The game lasted 01:03:05 (43275 turns).

Kurtz the Bludgeoner (Mummy Berserker)             Turns: 43275, Time: 01:03:05

Health: -2/118     AC: 19    Str: 20    XL:     15   Next: 65%
Magic:  5/5        EV: 13    Int:  8    God:    Trog [*****.]
Gold:   2160       SH:  6    Dex: 17    Spells: 0 memorised, 14 levels left

rFire  . . .     SeeInvis .     G - +3 great mace (antimagic)
rCold  + + +     Gourm    .     P - +4 chain mail {rF+}
rNeg   + + +     Faith    .     (shield currently unavailable)
rPois  ∞         Spirit   .     W - +2 hat {rC+}
rElec  .         Dismiss  .     l - +0 cloak {rPois}
rCorr  .         Reflect  +     (no gloves)
SustAt .         Harm     .     o - +0 pair of boots
MR     +++..                    c - +6 amulet of reflection
Stlth  ..........               t - +1 ring of evasion
                                A - ring of protection from cold

@: regenerating, extremely resistant to hostile enchantments, extremely
unstealthy
A: no food or potions, fire vulnerability, cold resistance 1, negative energy
resistance 3, torment resistance, unbreathing, in touch with death 1, restore
body
a: Self-Restoration, Trog's Hand, Brothers in Arms, Burn Spellbooks, Renounce
Religion


You were on level 2 of the Orcish Mines.
You worshipped Trog.
Trog was extremely pleased with you.
You were not hungry.

You visited 3 branches of the dungeon, and saw 19 of its levels.
You also visited: Sewer and Ice Cave.

You collected 2160 gold pieces.

Inventory:

Hand Weapons
 a - a +0 mace
 d - a +1 great mace of venom
 i - a +1 flail
 F - a +0 blowgun
 G - a +3 antimagic great mace (weapon)
 J - a +0 morningstar
 K - a +1 dire flail of crushing
 N - the +5 flail of Mavawkep {crush, -Tele rElec rN+ Dex+8}
   (You found it on level 6 of the Lair of Beasts)

   It inflicts extra damage upon your enemies.
   It affects your dexterity (+8).
   It insulates you from electricity.
   It protects you from negative energy.
   It prevents most forms of teleportation.
Missiles
 f - 110 poisoned needles
 h - 5 poisoned javelins (quivered)
 n - 30 tomahawks
 Q - 5 curare-tipped needles
Armour
 l - a +0 cloak of poison resistance (worn)
 m - a +1 helmet
 o - a +0 pair of boots (worn)
 D - the +1 robe of the Moon Troll {rElec Str+8 Int-3 Stlth+}
   (You found it on level 6 of the Dungeon)

   It affects your strength (+8).
   It affects your intelligence (-3).
   It insulates you from electricity.
   It makes you more stealthy.
 M - a +0 robe of cold resistance
 P - a +4 chain mail of fire resistance (worn)
 W - a +2 hat of cold resistance (worn)
Jewellery
 c - a +6 amulet of reflection (around neck)
 j - an uncursed ring of flight
 t - a +1 ring of evasion (right hand)
 A - a ring of protection from cold (left hand)
 C - an uncursed ring of protection from fire
Wands
 u - a wand of digging (20/24)
 v - a wand of random effects (37/48)
 B - a wand of iceblast (4/15)
 I - a wand of lightning (4/15)
 L - a wand of digging (8/24)
 O - a wand of enslavement (7/24)
 S - a wand of slowing (24/48)
 T - a wand of flame (23/48)
Scrolls
 b - 2 scrolls of remove curse
 e - 3 scrolls of immolation
 g - 9 scrolls of teleportation
 k - 2 scrolls of enchant weapon
 p - 6 scrolls of fog
 q - 7 scrolls of recharging
 r - 9 scrolls of identify
 w - 4 scrolls of fear
 z - 3 scrolls of magic mapping
 U - a scroll of vulnerability
Books
 E - a book of Frost

   Spells                             Type                      Level
   a - Freeze                         Ice                          1
   b - Throw Frost                    Conjuration/Ice              2
   c - Ozocubu's Armour               Charms/Ice                   3
   d - Throw Icicle                   Conjuration/Ice              4
   e - Summon Ice Beast               Ice/Summoning                4
   Trog disapproves of the use of such an item.
 V - the Disquisition on Cold
   (You found it in an ice cave)

   Spells                             Type                      Level
   a - Ensorcelled Hibernation        Hexes/Ice                    2
   b - Ice Form                       Ice/Transmutation            4
   c - Metabolic Englaciation         Hexes/Ice                    5
   d - Bolt of Cold                   Conjuration/Ice              6
   e - Freezing Cloud                 Conjuration/Ice/Air          6
   f - Ozocubu's Refrigeration        Ice                          6
   Trog disapproves of the use of such an item.
Miscellaneous
 H - a phantom mirror


   Skills:
 - Level 11.0 Fighting
 * Level 18.5 Maces & Flails
 - Level 7.3 Armour
 + Level 8.2 Dodging


You had 14 spell levels left.
You didn't know any spells.

Dungeon Overview and Level Annotations

Branches:
Dungeon (11/15)            Temple (0/1) D:6            Lair (6/6) D:9
 Shoals (0/4) Lair:4       Spider (0/4) Lair:2        Slime (0/5) Lair:5
    Orc (2/2) D:11            Elf (0/3) Orc:2

Altars:
Cheibriados
Hepliaklqana
Makhleb
Pakellas
Ru
Trog
Zin
The Shining One
Jiyva

Shops:
D:2 *   D:4 (   D:9 %   Orc:2 *%

Portals:
Hell: Lair:6


Innate Abilities, Weirdness & Mutations

You do not eat or drink.
Your flesh is vulnerable to fire.
You are immune to poison.
Your flesh is cold resistant. (rC+)
You are immune to negative energy. (rN+++)
You are immune to unholy pain and torment.
You can survive without breathing.
You are in touch with the powers of death.
You can restore your body by infusing magical energy.


Message History

The orc high priest prays to Beogh.
Unknown command.
The sun demon barely misses you.
The orc high priest hits you but does no damage.
You see here a war axe.
You bludgeon the orc high priest!!
The orc high priest is heavily wounded.
The sun demon hits you.
You are engulfed in flames!
* * * LOW HITPOINT WARNING * * *
Unknown command.
Unknown command.
The hellwing hits you but does no damage.
The hellwing barely misses you.
Found Gugeal's Food Shoppe.
Your skin crawls.
You feel resistant to hostile enchantments.
The sun demon hits you!!
* * * LOW HITPOINT WARNING * * *
You are engulfed in flames!
You die...

####### ## ###.....###
.### ###.........###
...## ##.............##
....###.(.......@.....#
#.#.#.#.#.#.#.#3#4#.#.#
.......................
....#.#........o......#
...))...................
#.#)#.#.#.#.#.#.#.#.#.#∩
((..###...............#
.(.## ##.............##
.### ###.........###


You could see an orc high priest, a sun demon and a hellwing.

Vanquished Creatures
  An orc warlord (D:11)
  Snorg (Lair:4)
  Harold (D:10)
  A hell beast (Lair:5)
  9 hydras
  A catoblepas (Lair:5)
  Erica (Orc:1)
  19 death yaks
  5 orc high priests
  A deep troll earth mage (D:11)
  Urug (Orc:1)
  Nergalle (D:10)
  A wizard (Lair:6)
  An unseen horror (D:11)
  9 orc knights
  2 hill giants (D:11)
  A necromancer (IceCv)
  4 orc sorcerers
  2 ugly things
  2 cyclopes (D:11)
  3 griffons
  A manticore (Lair:4)
  12 elephants
  5 black mambas
  Psyche (D:9)
  17 spiny frogs
  An ice statue (IceCv)
  An orange demon (Lair:6)
  6 komodo dragons
  5 rime drakes
  3 ice devils (Lair:6)
  A hellwing (Lair:6)
  10 freezing wraiths (IceCv)
  4 trolls
  2 two-headed ogres
  A slime creature (D:11)
  A boulder beetle (D:11)
  20 blink frogs
  2 shadows (D:11)
  A wraith (D:11)
  4 wyverns
  22 yaks
  A death yak simulacrum (IceCv)
  5 hippogriffs
  6 basilisks
  6 wargs
  18 water moccasins
  2 soldier ants (D:9)
  2 hell hounds
  10 porcupines
  8 ice beasts
  An eye of draining (D:11)
  43 orc warriors
  4 sky beasts
  2 wasps (D:9)
  5 phantoms
  6 centaurs
  12 ogres
  A necrophage (D:6)
  18 wolves
  15 crocodiles
  2 big kobolds
  12 giant frogs
  A wyvern skeleton (D:11)
  6 scorpions
  An elephant simulacrum (IceCv)
  12 killer bees
  6 howler monkeys
  5 wights (D:8)
  2 electric eels
  A lava snake (Lair:6)
  9 crimson imps
  7 draconian simulacra (IceCv)
  A quasit (D:5)
  A giant frog zombie (D:9)
  2 centaur zombies
  8 hounds
  2 jellies
  3 centaur skeletons
  40 orc priests
  Crazy Yiuf (D:2)
  2 giant frog skeletons
  A gnoll shaman (D:4)
  Jessica (D:2)
  Terence (D:2)
  7 iguanas
  25 orc wizards
  Ijyb (D:2)
  11 worker ants
  3 spriggan simulacra (IceCv)
  6 troll simulacra (IceCv)
  2 wolf simulacra (IceCv)
  A killer bee zombie (D:9)
  18 sheep
  A centaur simulacrum (IceCv)
  2 hound skeletons
  A mummy (D:4)
  3 worker ant zombies
  Robin (D:2)
  16 gnolls
  A howler monkey skeleton (D:4)
  10 adders
  3 naga simulacra (IceCv)
  70 river rats
  3 shadow imps
  11 white imps (IceCv)
  An ooze (Sewer)
  2 adder zombies (D:8)
  5 worms
  3 dart slugs
  8 giant geckos
  96 orcs
  11 ball pythons
  5 giant cockroaches
  13 goblins
  12 hobgoblins
  24 jackals
  6 quokkas
  8 bats
  2 giant gecko skeletons
  8 giant newts
  A hobgoblin zombie (D:4)
  A jackal skeleton (D:5)
  21 kobolds
  A kobold zombie (D:4)
  30 rats
933 creatures vanquished.

Vanquished Creatures (collateral kills)
  Gastronok (D:10)
  3 orc warlords
  A fire dragon (D:11)
  2 hydras
  Sonja (Lair:3)
  2 orange demons (Lair:6)
  An ice devil (Lair:6)
  A troll (D:11)
  A hippogriff (Lair:3)
  A warg (D:11)
  A hell hound (D:9)
  An ice beast (IceCv)
  6 orc warriors
  2 giant frogs (Sewer)
  2 killer bees (D:9)
  2 orc priests
  2 orc wizards (Orc:1)
  An iguana (Lair:2)
  A worker ant (D:9)
  2 adders (Sewer)
  2 river rats (Lair:3)
  A white imp (IceCv)
  7 orcs
  3 ball pythons (Sewer)
  A giant newt (Sewer)
48 creatures vanquished.

Vanquished Creatures (others)
  3 orcs
  A bush (Lair:5)
  29 fungi
  13 plants
46 creatures vanquished.

Grand Total: 1027 creatures vanquished

Notes
Turn   | Place    | Note
-------+----------+-------------------------------------------
     0 | D:1      | Kurtz the Mummy Berserker began the quest for the Orb.
     0 | D:1      | Reached XP level 1. HP: 18/18 MP: 1/1
   218 | D:1      | Found a snail-covered altar of Cheibriados.
   283 | D:1      | Reached XP level 2. HP: 7/24 MP: 2/2
   533 | D:1      | Reached skill level 3 in Maces & Flails
   816 | D:2      | Noticed Jessica
   817 | D:2      | Noticed Ijyb
   828 | D:2      | Killed Jessica
   828 | D:2      | Reached XP level 3. HP: 12/29 MP: 3/3
  1239 | D:2      | Killed Ijyb
  1239 | D:2      | Reached ** piety under Trog
  1239 | D:2      | Reached skill level 4 in Maces & Flails
  1239 | D:2      | Reached XP level 4. HP: 35/35 MP: 4/4
  1469 | D:2      | Found Zin's Purification Station.
  1473 | D:2      | Found a glowing silver altar of Zin.
  1717 | D:2      | Noticed Terence
  1728 | D:2      | Killed Terence
  1777 | D:2      | Noticed Robin
  1992 | D:2      | Killed Robin
  1992 | D:2      | Reached XP level 5. HP: 41/41 MP: 5/5
  2071 | D:2      | Found a runed door.
  2161 | D:2      | Noticed Crazy Yiuf
  2168 | D:2      | Killed Crazy Yiuf
  2168 | D:2      | Reached skill level 5 in Maces & Flails
  2490 | D:3      | Reached *** piety under Trog
  2544 | D:3      | Found a hazy altar of Hepliaklqana.
  3238 | D:3      | Found an oddly glowing altar of Pakellas.
  3246 | D:3      | Noticed a phantom
  3252 | D:3      | Noticed an ogre
  3259 | D:3      | Killed an ogre
  3259 | D:3      | Reached XP level 6. HP: 42/47 MP: 6/6
  3284 | D:3      | Reached skill level 6 in Maces & Flails
  3495 | D:4      | Found a glowing drain.
  3523 | Sewer    | Entered a sewer
  3584 | Sewer    | Reached **** piety under Trog
  3584 | Sewer    | Reached XP level 7. HP: 52/52 MP: 7/7
  4064 | D:4      | Found Icatipt's Antique Weapon Shop.
  4297 | D:4      | Reached skill level 7 in Maces & Flails
  4714 | D:5      | Entered Level 5 of the Dungeon
  4739 | D:5      | Received a gift from Trog
  4739 | D:5      | Reached XP level 8. HP: 47/59 MP: 8/8
  5431 | D:5      | Found a sacrificial altar of Ru.
  5431 | D:5      | Found a bloodstained altar of Trog.
  6013 | D:6      | Found a staircase to the Ecumenical Temple.
  6138 | D:6      | Reached ***** piety under Trog
  6317 | D:6      | Reached skill level 8 in Maces & Flails
  6358 | D:6      | Got a crude robe
  6369 | D:6      | Identified the +1 robe of the Moon Troll {rElec Str+8 Int-3 Stlth+} (You found it on level 6 of the Dungeon)
  6496 | D:7      | Reached skill level 5 in Dodging
  6698 | D:7      | Reached XP level 9. HP: 66/66 MP: 9/9
  7249 | D:7      | Reached skill level 5 in Fighting
  8174 | D:8      | Reached skill level 9 in Maces & Flails
  9555 | D:8      | Reached XP level 10. HP: 67/76 MP: 10/10
 10294 | D:9      | Noticed Psyche
 10313 | D:9      | Killed Psyche
 10313 | D:9      | Reached skill level 10 in Maces & Flails
 10558 | D:9      | Found a staircase to the Lair.
 10968 | D:9      | Received a gift from Trog
 11355 | D:9      | Found a glowing golden altar of the Shining One.
 11380 | D:9      | Found Analott's Food Shop.
 12166 | D:10     | Entered Level 10 of the Dungeon
 12217 | D:10     | Noticed Gastronok
 12267 | D:10     | Killed Gastronok
 12267 | D:10     | Reached skill level 11 in Maces & Flails
 12499 | D:10     | Noticed Nergalle
 12534 | D:10     | Killed Nergalle
 12662 | D:10     | Reached XP level 11. HP: 84/84 MP: 11/11
 13428 | D:10     | Noticed Harold
 13461 | D:10     | Killed Harold
 13461 | D:10     | Reached skill level 12 in Maces & Flails
 14428 | D:11     | Noticed a hill giant
 14448 | D:11     | Killed a hill giant
 14601 | D:11     | Noticed a brown ugly thing
 14668 | D:10     | Killed a brown ugly thing
 14909 | D:11     | Found a staircase to the Orcish Mines.
 15095 | D:11     | Noticed a hill giant
 15128 | D:11     | Killed a hill giant
 15408 | D:11     | Killed an unseen horror
 15422 | D:11     | Reached skill level 13 in Maces & Flails
 15565 | D:11     | Noticed a brown ugly thing
 15575 | D:11     | Killed a brown ugly thing
 15815 | D:11     | Noticed a fire dragon
 15833 | D:11     | Killed a fire dragon
 15833 | D:11     | Reached XP level 12. HP: 34/95 MP: 12/12
 16145 | D:11     | Noticed a seven-headed hydra
 16684 | Lair:1   | Entered Level 1 of the Lair of Beasts
 17061 | Lair:1   | Received a gift from Trog
 18245 | Lair:2   | Found a hole to the Spider Nest.
 18338 | Lair:2   | Reached skill level 14 in Maces & Flails
 18620 | Lair:2   | Noticed a six-headed hydra
 18626 | Lair:2   | Killed a six-headed hydra
 18802 | Lair:2   | Noticed an eight-headed hydra
 18831 | Lair:2   | Killed an eight-headed hydra
 20288 | Lair:3   | Noticed Sonja
 20351 | Lair:3   | Killed Sonja
 21487 | Lair:3   | Received a gift from Trog
 22061 | Lair:4   | Gained mutation: You are in touch with the powers of death. [Mummy growth]
 22061 | Lair:4   | Gained mutation: You can restore your body by infusing magical energy. [Mummy growth]
 22061 | Lair:4   | Reached XP level 13. HP: 50/101 MP: 4/13
 22259 | Lair:4   | Found a staircase to the Shoals.
 22299 | Lair:4   | Noticed Snorg
 22312 | Lair:4   | Killed Snorg
 22597 | Lair:4   | Reached skill level 15 in Maces & Flails
 22597 | Lair:4   | Reached skill level 5 in Armour
 26127 | Lair:5   | Reached ****** piety under Trog
 26227 | Lair:5   | HP: 3/101 [catoblepas (8)]
 26867 | Lair:5   | Received a gift from Trog
 27082 | Lair:5   | Found a staircase to the Slime Pits.
 27082 | Lair:5   | Found a viscous altar of Jiyva.
 27095 | Lair:5   | Reached skill level 16 in Maces & Flails
 27178 | Lair:5   | Reached XP level 14. HP: 46/108 MP: 4/14
 27780 | Lair:6   | Entered Level 6 of the Lair of Beasts
 27842 | Lair:6   | Got a warped flail
 27843 | Lair:6   | Identified the +5 flail of Mavawkep {crush, -Tele rElec rN+ Dex+8} (You found it on level 6 of the Lair of Beasts)
 28990 | Lair:6   | Reached skill level 10 in Fighting
 30314 | Lair:6   | Found a burning altar of Makhleb.
 32060 | Lair:6   | Reached skill level 17 in Maces & Flails
 32181 | Lair:6   | Found a gateway to Hell.
 32194 | Lair:6   | Got a pair of encrusted gloves
 32200 | Lair:6   | Identified the +0 pair of gloves of Prudence {-Tele rN+ MR+} (You found it on level 6 of the Lair of Beasts)
 33137 | D:11     | Noticed an orc warlord
 33163 | D:11     | Killed an orc warlord
 33575 | Orc:1    | Entered Level 1 of the Orcish Mines
 33579 | Orc:1    | Found a frozen archway.
 33595 | Orc:1    | Received a gift from Trog
 33607 | IceCv    | Entered an ice cave
 34211 | IceCv    | Found an ancient bone altar of Kikubaaqudgha.
 34484 | IceCv    | Reached XP level 15. HP: 117/117 MP: 5/15
 35323 | IceCv    | Identified the Disquisition on Cold
 35470 | Orc:1    | Noticed Urug
 35487 | Orc:1    | Killed Urug
 35512 | Orc:1    | Noticed Erica
 35518 | Orc:1    | Killed Erica
 36675 | D:11     | Received a gift from Trog
 36858 | Orc:2    | Entered Level 2 of the Orcish Mines
 36858 | Orc:2    | Found Nunej's Needful Niceties.
 37395 | Orc:2    | Noticed an orc warlord
 37643 | Orc:1    | Killed an orc warlord
 38714 | Orc:2    | Found a staircase to the Elven Halls.
 39554 | Orc:1    | Reached skill level 18 in Maces & Flails
 40730 | Orc:1    | Noticed an orc warlord
 40971 | D:11     | Killed an orc warlord
 41549 | D:11     | Received a gift from Trog
 41552 | D:11     | Got a smoking quarterstaff {god gift}
 41688 | Orc:1    | Paralysed by an orc sorcerer for 2 turns
 41837 | Orc:1    | Noticed an orc warlord
 41894 | D:11     | Killed an orc warlord
 43274 | Orc:2    | Found Gugeal's Food Shoppe.
 43275 | Orc:2    | Slain by a sun demon

Vault maps used:
D:1:      sevenhm_arrival_forest_fort_small_3, cheibriados_altar_1
D:2:      lemuel_upstairs_altar, zin_purify, uniq_crazy_yiuf_cottage,
          uniq_jessica, uniq_robin, uniq_iyjb, uniq_terence
D:3:      nicolae_overflow_hidden_temple, overflow_temple_1_default,
          nicolae_underground_beach
D:4:      gup_sewer_entry_glass, nicolae_ossuary_entry_giza, serial_shops,
          nicolae_shop_stone, minmay_small_thing
D:5:      grunt_temple_overflow_open, first_bread
D:9:      kennysheep_six_static_rooms, tso_metal_star, minmay_lair_entry_lava,
          serial_shops, shop, hangedman_pestilent_swarm,
          kennysheep_cross_bottleneck, uniq_psyche
D:10:     uniq_nergalle, uniq_gastronok, uniq_harold
D:11:     boulder_corridor_run, orc_0_dummy, minmay_the_grid_3x3
Lair:1:   minmay_stone_trees_small, infiniplex_staircase_pool
Lair:2:   spider_nest_entry_a
Lair:3:   uniq_sonja
Lair:4:   minmay_shoals_entry_beasts, bh_autumn_forest_stairs,
          serial_bayou_shore_a, lemuel_fruit_fields, serial_bayou_shore_b,
          lemuel_fruit_tree, uniq_snorg
Lair:5:   slime_altar_1, beast_lair_carwin_5
Lair:6:   evil_forest
Orc:1:    portal_ice_cave_entry_pillars_1, uniq_urug, uniq_erica
Orc:2:    st_orc_pillars, nicolae_alphabet_shops
Sewer:    sewer_minmay_w
IceCv:    ice_cave_small_necro

Skill      XL: |  1  2  3  4  5  6  7  8  9 10 11 12 13 14 15 |
---------------+----------------------------------------------+-----
Maces & Flails | 3 4 5 6 7 8 9 11 13 14 16 17 18 | 18.5
Dodging        | 3 5 6 7 8 |  8.2
Fighting       | 4 6 7 9 10 11 | 11.0
Armour         | 4 7 |  7.3

Action                   |  1- 3 |  4- 6 |  7- 9 | 10-12 | 13-15 || total
-------------------------+-------+-------+-------+-------+-------++-------
Melee: Mace              |    86 |    22 |       |       |       ||   108
       Flail             |       |   289 |   690 |   109 |       ||  1088
       Morningstar       |       |       |       |   283 |       ||   283
       Dire flail        |       |       |       |   408 |       ||   408
       Great mace        |       |       |       |   435 |  1744 ||  2179
Throw: Javelin           |       |       |     5 |    27 |    33 ||    65
       Throwing net      |       |       |       |     1 |       ||     1
Invok: Brothers in Arms  |       |       |     1 |     7 |     7 ||    15
       Trog's Hand       |       |       |     1 |     5 |     2 ||     8
       Burn Spellbooks   |       |       |       |     2 |     6 ||     8
Evoke: Wand              |       |       |     1 |     7 |    10 ||    18
  Use: Scroll            |       |     4 |     7 |     2 |     7 ||    20
 Stab: Sleeping          |       |       |     7 |       |       ||     7
       Distracted        |       |       |     1 |       |     1 ||     2
       Held in net/web   |       |       |       |     1 |       ||     1
Armor: Animal skin       |    24 |     5 |       |       |       ||    29
       Scale mail        |       |   111 |    20 |       |       ||   131
       Leather armour    |       |       |   178 |       |       ||   178
       Robe              |       |       |    46 |       |       ||    46
       Plate armour      |       |       |    45 |   557 |       ||   602
       Chain mail        |       |       |       |    76 |   836 ||   912
Dodge: Dodged            |    58 |   147 |   437 |   499 |   977 ||  2118
Block: Other             |    29 |    79 |   229 |   329 |   516 ||  1182
       Reflection        |       |     2 |     5 |    12 |    12 ||    31
